 Dungeon Crawl Stone Soup version 0.29-a0-72-g1732ff48e7 (webtiles) character file.

Game seed: 3620723447433189847

9856 dracfodder the Fighter (level 11, -4/65 HPs)
             Began as a Gargoyle Berserker on Feb 3, 2022.
             Was an Elder of Trog.
             Slain by a wraith (5 damage)
             ... on level 10 of the Dungeon.
             The game lasted 00:30:07 (10389 turns).

dracfodder the Fighter (Gargoyle Berserker)        Turns: 10389, Time: 00:30:09

Health: -4/65      AC: 27    Str: 24    XL:     11   Next: 53%
Magic:  11/11      EV:  9    Int:  9    God:    Trog [****..]
Gold:   569        SH:  0    Dex:  9    Spells: 10/10 levels left

rFire   . . .      SeeInvis .   a - +3 battleaxe
rCold   + . .      Faith    .   (shield currently unavailable)
rNeg    + . .      Spirit   .   l - +0 chain mail
rPois   ∞          Reflect  .   o - +2 helmet
rElec   +          Harm     .   s - +1 cloak
rCorr   .          Rampage  .   (no gloves)
Will    .....                   e - +1 pair of boots
Stlth   ..........              (no amulet)
HPRegen 0.20/turn               d - +4 ring of slaying
MPRegen 0.12/turn               E - ring of protection from cold

@: slowed, very slow
A: sickness immunity, AC +8, negative energy resistance 1, electricity
resistance, torment resistance 1, petrification resistance, talons 1, frail 1,
no potion heal 1, devolution 1
a: Renounce Religion, Berserk, Trog's Hand, Brothers in Arms


You were on level 10 of the Dungeon.
You worshipped Trog.
Trog was greatly pleased with you.
You visited 1 branch of the dungeon, and saw 10 of its levels.

You collected 569 gold pieces.

Inventory:

Hand Weapons
 a - a +3 battleaxe (weapon)
 b - a +0 hunting sling
 v - a +5 flail of protection
 C - a +0 vorpal battleaxe
Missiles
 c - 223 arrows
 f - 255 stones
 j - 3 atropa-tipped darts
 k - 10 boomerangs (quivered)
 n - 16 sling bullets
 q - 71 bolts
 r - 5 curare-tipped darts
 A - 18 poisoned darts
Armour
 e - a +1 pair of boots (worn)
 g - a +0 buckler
 l - a +0 chain mail (worn)
 o - a +2 helmet (worn)
 s - a +1 cloak (worn)
Jewellery
 d - a +4 ring of slaying (left hand)
 E - a ring of protection from cold (right hand)
 F - a ring of willpower
Wands
 x - a wand of paralysis (3)
 y - a wand of digging (10)
Scrolls
 m - 2 scrolls of magic mapping
 t - 2 scrolls of teleportation
 w - 3 scrolls of identify
 D - a scroll of blinking
Potions
 h - 4 potions of curing
 p - 3 potions of heal wounds
 u - 3 potions of might
 z - a potion of flight {unknown}
 B - 2 potions of berserk rage {unknown}
Miscellaneous
 i - a phantom mirror


   Skills:
 * Level 10.6 Fighting
 + Level 9.2(10.3) Axes
 + Level 8.0(10.2) Maces & Flails
 + Level 1.0(1.5) Slings
 + Level 1.7(2.0) Throwing
 + Level 8.1 Armour
 + Level 3.1 Dodging
 + Level 1.1 Stealth
 + Level 2.9 Shields


You had 10 spell levels left.
You didn't know any spells.
Your spell library was empty.

Dungeon Overview and Level Annotations

Branches:
Dungeon (10/15)            Temple (0/1) D:5            Lair (0/6) D:8
    Orc (0/2) D:10

Altars:
Ashenzari
Nemelex Xobeh
Qazlal
Uskayaw
Wu Jian
Xom
The Shining One

Shops:
D:8 [


Innate Abilities, Weirdness & Mutations

You are immune to sickness and miasma.
Your stone body is resilient. (AC +8)
You are immune to poison.
You resist negative energy. (rN+)
You are resistant to electric shocks. (rElec)
You are resistant to unholy torment.
You are immune to petrification.
You have sharp toenails.
You are frail. (-10% HP)
Potions are less effective at restoring your health.
You have hidden genetic defects.


Message History

You slice the yak!!
The yak is almost dead.
You hit the wraith. The wraith hits you but does no damage.
The yak gores you but does no damage.
Unknown command.
You hit the yak.
The yak is almost dead.
You completely miss the wraith. The wraith hits you. The yak barely misses you.
Unknown command.
You slice the yak!!
You kill the yak!
Trog accepts your kill.
You hit the wraith. The wraith hits you but does no damage.
The hornet closely misses you. The wraith hits you!
The wraith drains your vigour!
You feel yourself slow down.
Unknown command.
You closely miss the hornet. You hit the wraith. The hornet barely misses you.
The wraith completely misses you.
The hornet stings you but does no damage.
Unknown command.
You closely miss the hornet. You hit the wraith but do no damage.
The hornet barely misses you. The wraith hits you.
The hornet barely misses you. The wraith hits you but does no damage.
The hornet stings you!
Unknown command.
You barely miss the hornet. You hit the wraith but do no damage.
The hornet stings you! The wraith hits you but does no damage.
The hornet stings you. The wraith hits you!
* * * LOW HITPOINT WARNING * * *
The wraith drains your vigour!
You feel as though you will be slow longer.
The hornet barely misses you.
You slash the hornet!
The hornet is moderately wounded.
You slash the wraith! The hornet stings you!
* * * LOW HITPOINT WARNING * * *
The wraith hits you but does no damage.
The hornet stings you but does no damage.
The wraith hits you.
You die...

#.........#
#.#.......# ######
####.#.##..#.# .....#
...#.#.....#.##.....#
.....#..##.#........#
...#.#.......# .....
####.......#.##....
##
#.##........#######.#
)#
#............@yYYYY..
.#
#.#.#######.#W###Y###
.# #.#. #..## .# .#
#.#.# )# +.### .# #.#
.#####. #.. .......
#.# ######.


You could see 5 yaks, a hornet and a wraith.

Vanquished Creatures
  Nergalle (D:10)
  The ghost of LobsterGuardian the Firebug, a novice DsFE (D:6)
  19 yaks
  A shadow (D:9)
  2 steam dragons
  An acid dragon (D:9)
  4 water moccasins
  Edmund (D:6)
  A hornet zombie (D:6)
  3 black bears
  An orc warrior (D:5)
  3 sky beasts
  3 necrophages
  4 ogres
  2 ice beasts
  5 centaurs
  A kobold brigand (D:5)
  A phantom (D:5)
  5 bullfrogs
  2 gnoll sergeants
  2 scorpions
  2 water moccasin zombies (D:5)
  A wyvern skeleton (D:6)
  4 killer bees (D:9)
  A water moccasin skeleton (D:6)
  14 wights
  A howler monkey (D:5)
  A bullfrog zombie (D:6)
  4 jellies
  A gnoll shaman (D:8)
  A bullfrog skeleton (D:6)
  3 centaur skeletons
  An orc priest (D:5)
  2 centaur zombies
  5 hounds
  An iguana (D:5)
  4 orc wizards
  4 howler monkey zombies
  17 gnolls
  10 adders
  2 howler monkey skeletons (D:6)
  2 shadow imps
  An ufetubus (D:6)
  An adder skeleton (D:3)
  17 orcs
  A bat (D:1)
  9 endoplasms
  2 giant cockroaches (D:2)
  6 goblins
  12 hobgoblins
  8 jackals
  15 kobolds
  A quokka (D:2)
  8 ball pythons
  2 frilled lizards
  7 rats
  6 bushes (D:1)
240 creatures vanquished.

Vanquished Creatures (collateral kills)
  A wraith (D:9)
  2 yaks (D:9)
  A centaur zombie (D:9)
4 creatures vanquished.

Vanquished Creatures (others)
  44 fungi (D:8)
  60 plants
  A withered plant (D:9)
105 creatures vanquished.

Grand Total: 349 creatures vanquished

Notes
Turn   | Place    | Note
-------+----------+-------------------------------------------
     0 | D:1      | dracfodder the Gargoyle Berserker began the quest for the
                  | Orb.
     0 | D:1      | Reached XP level 1. HP: 14/14 MP: 1/1
   152 | D:1      | You fall into a shaft and drop 1 floor!
   213 | D:3      | Reached XP level 2. HP: 20/20 MP: 2/2
   530 | D:1      | Reached skill level 4 in Fighting
   539 | D:1      | Reached XP level 3. HP: 23/24 MP: 3/3
   541 | D:1      | Reached ** piety under Trog
  1548 | D:2      | Found a faded altar of an unknown god.
  2052 | D:4      | Noticed an ogre
  2058 | D:4      | Killed an ogre
  2059 | D:4      | Reached XP level 4. HP: 30/30 MP: 4/4
  2059 | D:4      | Reached XP level 5. HP: 34/34 MP: 5/5
  2627 | D:3      | Reached skill level 1 in Stealth
  2901 | D:5      | Entered Level 5 of the Dungeon
  2901 | D:5      | Noticed a kobold brigand
  2905 | D:5      | Reached skill level 1 in Throwing
  2913 | D:5      | Killed a kobold brigand
  2914 | D:5      | Reached skill level 1 in Shields
  2914 | D:5      | Reached XP level 6. HP: 39/39 MP: 6/6
  3029 | D:4      | Reached *** piety under Trog
  3187 | D:4      | Reached skill level 5 in Fighting
  3187 | D:4      | Reached XP level 7. HP: 44/44 MP: 7/7
  3214 | D:5      | Found a broken altar of Ashenzari.
  3214 | D:5      | Found a shimmering altar of Xom.
  3224 | D:5      | Found a stormy altar of Qazlal.
  3361 | D:5      | Reached skill level 5 in Axes
  3761 | D:5      | Reached skill level 6 in Fighting
  3951 | D:5      | Reached XP level 8. HP: 51/51 MP: 8/8
  4340 | D:6      | Reached skill level 5 in Armour
  4349 | D:6      | Reached skill level 7 in Fighting
  4603 | D:6      | Found a hide-covered altar of Uskayaw.
  4603 | D:6      | Found a sparkling altar of Nemelex Xobeh.
  4680 | D:6      | Noticed Edmund
  4691 | D:6      | Killed Edmund
  4909 | D:5      | Reached XP level 9. HP: 57/57 MP: 9/9
  5158 | D:5      | Reached skill level 1 in Maces & Flails
  5158 | D:5      | Reached skill level 1 in Slings
  5211 | D:5      | Found a staircase to the Ecumenical Temple.
  5705 | D:6      | Found a runed translucent gate.
  5706 | D:6      | Found a runed translucent gate.
  5706 | D:6      | Found a runed translucent gate.
  5709 | D:6      | Noticed LobsterGuardian's ghost (novice DsFE)
  5905 | D:6      | Reached skill level 8 in Fighting
  6067 | D:6      | Killed LobsterGuardian's ghost
  6325 | D:7      | Reached **** piety under Trog
  6401 | D:7      | Reached XP level 10. HP: 53/65 MP: 10/10
  6538 | D:7      | Reached skill level 5 in Maces & Flails
  6571 | D:7      | Reached skill level 9 in Fighting
  6941 | D:7      | Gained mutation: Armour fits poorly on your strangely
                  | shaped body. [potion of mutation]
  6941 | D:7      | Gained mutation: Potions are less effective at restoring
                  | your health. [potion of mutation]
  6941 | D:7      | Gained mutation: You are partially covered in iridescent
                  | scales. (AC +2) [potion of mutation]
  7597 | D:8      | Found a staircase to the Lair.
  7918 | D:8      | Found Halinonk's Antique Armour Boutique.
  8034 | D:8      | Found an ornate altar of the Wu Jian Council.
  8434 | D:9      | Reached XP level 11. HP: 52/72 MP: 11/11
  8602 | D:9      | Lost mutation: Armour fits poorly on your strangely shaped
                  | body. [potion of mutation]
  8602 | D:9      | Lost mutation: You are partially covered in iridescent
                  | scales. (AC +2) [potion of mutation]
  8602 | D:9      | Gained mutation: You have hidden genetic defects. [potion
                  | of mutation]
  8602 | D:9      | Gained mutation: You have sharp toenails. [potion of
                  | mutation]
  8823 | D:9      | Reached skill level 10 in Fighting
  9094 | D:9      | Reached ***** piety under Trog
  9875 | D:10     | Entered Level 10 of the Dungeon
  9905 | D:10     | Found a glowing golden altar of the Shining One.
  9918 | D:10     | Gained mutation: You are frail. (-10% HP) [hidden defects]
 10106 | D:10     | Noticed Nergalle
 10117 | D:10     | Killed Nergalle
 10364 | D:10     | Found a staircase to the Orcish Mines.
 10389 | D:10     | HP: 1/65 [hornet (12)]
 10389 | D:10     | Slain by a wraith

Illustrated notes

Levels and vault maps discovered:
D:1:      roderic_crop_circles_arrival_small, layout_rooms,
          lexackson_kobold_supper
D:2:      layout_loops_corners, shapermc_ecumenical_altar_pompeii
D:3:      layout_basic
D:4:      layout_rooms, minmay_box_of_dots
D:5:      wad_river_or_something, layout_loops_corners,
          grunt_temple_overflow_open, minmay_temple_entry_arrows,
          grunt_ministairs_3, corexii_checkpoint_a
D:6:      layout_basic, mainiacjoe_overflow_divided_tiny,
          gammafunk_ghost_necromancy, uniq_edmund
D:7:      layout_cave_pools, minmay_misc_feat_tower
D:8:      layout_loops_corners, nzn_wu_jian_council_hall,
          due_lair_maze_entry_diamond, serial_shops, nicolae_shop_trees,
          grunt_decor_clamped
D:9:      layout_layer_cave, serial_undead, serial_undead_d, serial_undead_d,
          serial_undead_a, serial_undead_c, serial_undead_c, serial_undead_e
D:10:     layout_loops_cross, fedhas_altar_fruit_tree,
          mainiacjoe_overflow_concentric_impassable, orc_0_dummy,
          hellmonk_bongcloud_opening, minmay_shattered_shrine, uniq_nergalle

Skill      XL: |  1  2  3  4  5  6  7  8  9 10 11 |
---------------+----------------------------------+-----
Fighting       | 4 5 6 7 8 9 10 | 10.6
Axes           | 3 4 6 7 9 |  9.2
Stealth        | 1 |  1.1
Throwing       | 1 |  1.7
Armour         | 3 4 5 6 7 8 |  8.1
Shields        | 1 2 |  2.9
Dodging        | 2 3 |  3.1
Maces & Flails | 4 8 |  8.0
Slings         | 1 |  1.0

Action                   |  1- 3 |  4- 6 |  7- 9 | 10-12 || total
-------------------------+-------+-------+-------+-------++-------
Melee: Hand axe          |   462 |    86 |   157 |       ||   705
       Flail             |       |       |   131 |   150 ||   281
       Battleaxe         |       |       |       |   106 ||   106
 Fire: Hunting sling     |       |       |     4 |       ||     4
Throw: Boomerang         |     6 |       |     4 |     2 ||    12
Invok: Berserk           |     1 |     1 |     4 |     2 ||     8
       Trog's Hand       |       |     1 |     3 |     1 ||     5
       Brothers in Arms  |       |       |       |     1 ||     1
  Use: Scroll            |     4 |     2 |     6 |     4 ||    16
       Potion            |       |       |     1 |     2 ||     3
Armor: Leather armour    |    20 |     6 |       |       ||    26
       Animal skin       |     2 |       |       |       ||     2
       Chain mail        |       |    51 |   206 |   230 ||   487
Dodge: Dodged            |    45 |    38 |   102 |   125 ||   310
Block: Buckler           |     6 |    14 |    47 |    15 ||    82

Table legend: (Time is in decaauts)
 A = Elapsed time spent in this place.
 B = Non-inter-level travel time spent in this place.
 C = Inter-level travel time spent in this place.
 D = Time resting spent in this place.
 E = Time spent auto-exploring this place.
 F = Levels seen in this place.
 G = Mean time per level.
                   A        B        C        D        E       F      G
               +--------+--------+--------+--------+--------+-----+--------+
         Total |  10628 |  10258 |    370 |    949 |   6930 |  10 | 1062.8 |
       Dungeon |  10628 |  10258 |    370 |    949 |   6930 |  10 | 1062.8 |
               +--------+--------+--------+--------+--------+-----+--------+

Top non-repeatable levels by time:
     D:5: 1589 daAuts
     D:9: 1556 daAuts
     D:6: 1335 daAuts
     D:8: 1219 daAuts
     D:1: 1131 daAuts
     D:7: 1014 daAuts
     D:2: 995 daAuts
     D:3: 773 daAuts
    D:10: 524 daAuts
     D:4: 488 daAuts
